 Dungeon Crawl Stone Soup version 0.28-a0-1613-gdaab1c2f9b (webtiles) character file.

Game seed: 16418469474161226246

13619 freelancePsychic the Thaumaturge (level 12, -8/90 HPs)
             Began as a Djinni Earth Elementalist on Jan 21, 2022.
             Was an Elder of Makhleb.
             Shot with an arrow by a centaur warrior (16 damage)
             ... in a volcano.
             The game lasted 00:30:34 (16793 turns).

freelancePsychic the Thaumaturge (DjEE)            Turns: 16793, Time: 00:30:34

Health: -8/90      AC:  7    Str:  7    XL:     12   Next: 35%
Gold:   827        EV: 16    Int: 21    God:    Makhleb [****..] SH:  0 Dex: 15

rFire   + + .      SeeInvis .   a - +1 dagger (speed)
rCold   . . .      Faith    .   (no shield)
rNeg    . . .      Spirit   .   I - +1 robe {Will+}
rPois   ∞          Reflect  .   G - +1 helmet of the Moon {-Tele +Inv rC+}
rElec   .          Harm     .   m - +0 cloak
rCorr   +          Rampage  .   l - +0 pair of gloves
Will    ++...      NoTele   +   (boots unavailable)
Stlth   +++.......              (no amulet)
HPRegen 0.25/turn               H - ring of resist corrosion
MPRegen 0.00/turn               (no ring)

@: flying
A: sickness immunity, fire resistance 2, cold vulnerability 1, float, innate
caster, hp casting, extra vitality 1
a: Renounce Religion, Evoke Invisibility, Minor Destruction, Lesser Servant of
Makhleb, Major Destruction


You were in a volcano.
You worshipped Makhleb.
Makhleb was greatly pleased with you.
You visited 2 branches of the dungeon, and saw 12 of its levels.
You also visited: Sewer and Volcano.

You collected 979 gold pieces.
You spent 152 gold pieces at shops.

Inventory:

Hand Weapons
 a - a +1 dagger of speed (weapon)
Missiles
 g - 340 stones
Armour
 d - a +1 helmet
 l - a +0 pair of gloves (worn)
 m - a +0 cloak (worn)
 G - the +1 helmet of the Moon (worn) {-Tele +Inv rC+}
   (You found it on level 9 of the Dungeon)

   rC:        It protects you from cold.
   +Inv:      It lets you turn invisible.
   -Tele:     It prevents most forms of teleportation.
 I - a +1 robe of willpower (worn)
Jewellery
 b - a ring of wizardry
 H - a ring of resist corrosion (left hand)
Wands
 c - a wand of flame (10)
 e - a wand of polymorph (6)
 j - a wand of acid (16)
 x - a wand of digging (10)
 C - a wand of paralysis (8)
 D - a wand of iceblast (8)
Scrolls
 h - a scroll of amnesia {unknown}
 i - 2 scrolls of enchant armour
 o - 5 scrolls of teleportation {@r4}
 p - 2 scrolls of blinking
 y - 3 scrolls of magic mapping
 z - 2 scrolls of identify {@r1}
 A - a scroll of fog
 B - a scroll of immolation
 E - a scroll of enchant weapon
 F - 2 scrolls of fear
Potions
 f - a potion of attraction
 k - 2 potions of haste {unknown}
 n - 3 potions of curing {@q1}
 q - a potion of magic {unknown}
 r - 3 potions of invisibility {unknown}
 s - 4 potions of might
 t - a potion of cancellation {unknown}
 u - 3 potions of heal wounds {unknown}
 v - a potion of brilliance {unknown}
 w - 2 potions of resistance {unknown}


   Skills:
 + Level 9.4 Fighting
 - Level 4.1 Short Blades
 + Level 8.9 Dodging
 - Level 4.1 Stealth
 * Level 10.6 Spellcasting


You had 9 spell levels left.
You knew the following spells:

 Your Spells              Type           Power      Damage    Failure   Level
a - Sandblast             Erth           100%       2d20      1%          1
b - Passwall              Tmut/Erth      45%        N/A       1%          2
c - Stone Arrow           Conj/Erth      100%       3d13      1%          3
d - Petrify               Tmut/Erth      54%        N/A       1%          4
e - Anguish               Hex/Necr       27%        N/A       1%          4
f - Call Imp              Summ           54%        N/A       1%          2
g - Swiftness             Air            54%        N/A       1%          3
h - Summon Guardian Gole  Hex/Summ       54%        N/A       1%          3
i - Magic Dart            Conj           100%       1d8       1%          1
Your spell library was empty.

Dungeon Overview and Level Annotations

Branches:
Dungeon (11/15)            Temple (0/1) D:6            Lair (1/6) D:9
    Orc (0/2) D:10          Sewer (visited)         Volcano (1/1)

Altars:
Ashenzari
Cheibriados
Dithmenos
Gozag
Kikubaaqudgha
Makhleb
Qazlal
Sif Muna
Trog
Uskayaw
Yredelemnul
The Shining One

Shops:
D:1 [=:[   D:4 ?   D:10 *((=

Annotations:
D:2 Terence
D:3 3 runed translucent doors, HallandMoats's ghost, amateur GrFi
D:4 Ijyb


Innate Abilities, Weirdness & Mutations

You are immune to sickness and miasma.
You are immune to poison.
Your flesh is very heat resistant. (rF++)
You are vulnerable to cold. (rC-)
You float through the air rather than walking.
You learn spells naturally, not from books.
Your magical power is your life essence.
You have superior vitality. (+4 MHP)


Message History

Confirm with . or Enter, or press ? or * to list all spells.
Casting: Anguish (mildly dangerous; 1% risk of failure)
Press: ? - help, Dir - look around, f - activate Look: a centaur warrior, wielding a +2 shortbow of flaming and quivering arrows (chance to affect: 68%)
The centaur warrior resists with almost no effort.
The centaur easily resists.
The hell knight shouts!
The centaur warrior shoots an arrow.
The arrow hits you! The arrow burns you.
The centaur shoots an arrow.
The arrow hits you.
The centaur warrior shoots an arrow.
The arrow hits you! The arrow burns you.
Casting: Anguish (mildly dangerous; 1% risk of failure)
Confirm with . or Enter, or press ? or * to list all spells.
Casting: Anguish (mildly dangerous; 1% risk of failure)
Press: ? - help, Dir - look around, f - activate The centaur warrior is haunted by guilt!
The centaur is haunted by guilt!
The centaur warrior shoots an arrow.
The arrow hits you!
* * * LOW HITPOINT WARNING * * *
The arrow burns you.
* * * LOW HITPOINT WARNING * * *
The centaur warrior is wracked by anguish!
The centaur shoots an arrow.
The arrow hits you!
* * * LOW HITPOINT WARNING * * *
The arrow burns you.
* * * LOW HITPOINT WARNING * * *
The centaur is wracked by anguish!
Okay, then.
You feel better.
The centaur shoots an arrow.
The arrow closely misses you.
The centaur shoots an arrow.
The arrow hits you.
* * * LOW HITPOINT WARNING * * *
The centaur is wracked by anguish.
You feel better.
The centaur warrior shoots an arrow.
The arrow hits you!
* * * LOW HITPOINT WARNING * * *
The arrow burns you.
* * * LOW HITPOINT WARNING * * *
The centaur warrior is wracked by anguish!
The centaur warrior shoots an arrow.
The arrow closely misses you.
You feel better.
The centaur shoots an arrow.
The arrow misses you.
The centaur warrior shoots an arrow.
The arrow hits you!
You die...

#. #≈≈≈≈#
.'...[.+..#≈§§§##
.'.._..'..##§§§§##
..#.....#pc.#≈≈≈§§##
..#######...#≈≈≈≈≈≈#
.'[$.[)'c..#≈≈≈≈≈≈#
#..≈..#...#§§≈≈#
.#8≈≈≈8#...#≈§≈##
.'..≈..@..##≈≈≈≈#
.'c.)..'..#≈§≈≈≈#
.#8...8#.##≈§§≈##
###....)###≈≈§≈##
≈≈≈≈.....≈≈§≈§###
≈≈≈≈8...8≈≈≈≈##
≈≈§§.....§§###
#≈≈≈.....≈§#
#≈≈§8...8≈##


You could see a hell knight, a centaur warrior (anguished) and 2 centaurs.

Vanquished Creatures
  A two-headed ogre (D:10)
  A necromancer (D:10)
  A cyclops (D:8)
  4 centaur skeletons (D:10)
  A rime drake (Lair:1)
  2 flying skulls (D:10)
  6 wraiths
  3 wyverns (D:9)
  8 yaks
  Duvessa (D:4)
  2 ice beasts
  8 orc warriors
  A hornet zombie (D:7)
  2 black bears (D:7)
  2 necrophages
  10 centaurs
  4 phantoms
  7 kobold brigands
  A gnoll sergeant (D:8)
  A wyvern zombie (D:5)
  Dowan (D:4)
  4 wights
  A killer bee (D:10)
  A water moccasin skeleton (D:6)
  5 centaur zombies
  A bullfrog zombie (D:6)
  2 jellies (D:6)
  8 orc priests
  2 hounds (D:6)
  8 iguanas
  7 orc wizards
  A hound zombie (D:5)
  A hound skeleton (D:4)
  3 howler monkey zombies
  2 howler monkey skeletons (D:10)
  9 gnolls
  13 adders
  3 river rats
  A shadow imp (D:4)
  A white imp (D:6)
  4 worms
  5 dart slugs
  46 orcs
  13 ball pythons
  10 endoplasms
  4 giant cockroaches
  4 goblins
  9 hobgoblins
  4 jackals
  60 kobolds
  2 quokkas
  2 bats
  A frilled lizard (D:1)
  12 rats
316 creatures vanquished.

Vanquished Creatures (collateral kills)
  A hobgoblin (D:3)
1 creature vanquished.

Vanquished Creatures (others)
  A skeletal warrior (D:10)
  A centaur skeleton (D:10)
  2 flying skulls (D:10)
  4 shadows (D:10)
  4 yaks (D:10)
  2 ogres
  5 killer bees (D:10)
  2 wights
  A hound (D:5)
  An orc priest (D:10)
  A jelly (D:5)
  2 orc wizards (D:10)
  2 orcs (D:10)
  6 toadstools (D:7)
34 creatures vanquished.

Grand Total: 351 creatures vanquished

Notes
Turn   | Place    | Note
-------+----------+-------------------------------------------
     0 | D:1      | freelancePsychic the Djinni Earth Elementalist began the
                  | quest for the Orb.
     0 | D:1      | Reached XP level 1. HP: 15/15 MP: 0/0
    45 | D:1      | Found Lugran's Armour Shop.
   274 | D:1      | Found Eluemna's Jewellery Boutique.
   284 | D:1      | Reached XP level 2. HP: 19/22 MP: 0/0
   350 | D:1      | Found Beshool's Armour Shoppe.
   428 | D:1      | Reached skill level 1 in Fighting
   649 | D:1      | You are sucked into a shaft and drop 1 floor!
   665 | D:2      | Reached skill level 3 in Spellcasting
   665 | D:2      | Reached XP level 3. HP: 22/27 MP: 0/0
   665 | D:2      | Learned a level 1 spell: Magic Dart
   955 | D:2      | Reached XP level 4. HP: 29/33 MP: 0/0
  1141 | D:1      | Found Bewnumyi's Book Emporium.
  1401 | D:1      | Bought a +0 helmet for 54 gold pieces
  1470 | D:2      | Found an opulent altar of Gozag.
  1990 | D:2      | Noticed Terence
  2130 | D:3      | Found a basalt altar of Yredelemnul.
  2214 | D:3      | Reached XP level 5. HP: 34/38 MP: 0/0
  2214 | D:3      | Learned a level 2 spell: Call Imp
  2302 | D:3      | Noticed a kobold brigand
  2315 | D:3      | Killed a kobold brigand
  2316 | D:3      | Reached skill level 4 in Spellcasting
  2671 | D:3      | Reached XP level 6. HP: 22/45 MP: 0/0
  3439 | D:3      | Found a snail-covered altar of Cheibriados.
  3806 | D:3      | Found a faded altar of an unknown god.
  4105 | D:3      | Found a burning altar of Makhleb.
  4113 | D:3      | Became a worshipper of Makhleb the Destroyer
  4164 | D:3      | Found a runed translucent gate.
  4168 | D:3      | Found a runed translucent gate.
  4169 | D:3      | Found a runed translucent gate.
  4169 | D:3      | Noticed HallandMoats's ghost (amateur GrFi)
  4601 | D:1      | Bought a +0 pair of gloves for 49 gold pieces
  4601 | D:1      | Bought a +0 cloak for 49 gold pieces
  4920 | D:4      | Reached skill level 5 in Spellcasting
  4920 | D:4      | Reached XP level 7. HP: 36/51 MP: 0/0
  4920 | D:4      | Learned a level 3 spell: Swiftness
  5041 | D:4      | Noticed Duvessa
  5054 | D:4      | Noticed Dowan
  5073 | D:4      | Killed Duvessa
  5074 | D:4      | Killed Dowan
  5292 | D:4      | Noticed a moth of wrath
  5829 | D:4      | Found a bloodstained altar of Trog.
  5946 | D:5      | Entered Level 5 of the Dungeon
  5966 | D:5      | Reached XP level 8. HP: 35/58 MP: 0/0
  5966 | D:5      | Reached * piety under Makhleb
  6113 | D:5      | Reached skill level 6 in Spellcasting
  6122 | D:5      | Found a shadowy altar of Dithmenos.
  6222 | D:5      | Found a glowing drain.
  6231 | Sewer    | Entered a sewer
  6786 | Sewer    | Reached skill level 5 in Fighting
  7353 | D:4      | Found Zebrif's Magic Scroll Shop.
  7360 | D:4      | Noticed Ijyb
  7772 | D:5      | Reached ** piety under Makhleb
  7975 | D:5      | Reached XP level 9. HP: 64/65 MP: 0/0
  7975 | D:5      | Learned a level 3 spell: Summon Guardian Golem
  8141 | D:5      | Reached skill level 7 in Spellcasting
  8631 | D:6      | Found a staircase to the Ecumenical Temple.
  8805 | D:6      | Identified the +1 robe "Memient" {Harm Rampage}
  9122 | D:6      | Found a broken altar of Ashenzari.
  9126 | D:6      | Saw a vision of the Shoals and the Snake Pit.
  9126 | D:6      | Noticed a black mamba
  9126 | D:6      | Noticed a shock serpent
  9126 | D:6      | Noticed a salamander
  9126 | D:6      | Noticed a black mamba
  9126 | D:6      | Noticed a shock serpent
  9126 | D:6      | Noticed a guardian serpent
  9126 | D:6      | Noticed a merfolk
  9126 | D:6      | Noticed a sea snake
  9126 | D:6      | Noticed a merfolk
  9126 | D:6      | Noticed a wind drake
  9126 | D:6      | Noticed a merfolk
  9126 | D:6      | Noticed a wind drake
  9126 | D:6      | Noticed a merfolk siren
  9126 | D:6      | Noticed a merfolk siren
  9127 | D:6      | Noticed a merfolk
  9127 | D:6      | Noticed a merfolk
  9251 | D:6      | Found a hide-covered altar of Uskayaw.
  9346 | D:6      | Found a stormy altar of Qazlal.
  9624 | D:7      | Reached skill level 1 in Short Blades
  9624 | D:7      | Reached skill level 5 in Dodging
 10323 | D:7      | Reached XP level 10. HP: 65/73 MP: 0/0
 10449 | D:7      | Reached *** piety under Makhleb
 10477 | D:7      | Reached skill level 8 in Spellcasting
 11529 | D:8      | Found a glowing golden altar of the Shining One.
 11529 | D:8      | Noticed a cyclops
 11533 | D:8      | Killed a cyclops
 11586 | D:8      | Upgraded the game from 0.28-a0-1594-ga885d4b3d6 to
                  | 0.28-a0-1613-gdaab1c2f9b
 12056 | D:9      | Found a staircase to the Lair.
 12064 | D:9      | Identified the +1 helmet of the Moon {-Tele +Inv rC+}
 12558 | D:10     | Entered Level 10 of the Dungeon
 13057 | D:10     | Reached **** piety under Makhleb
 13173 | D:10     | Reached XP level 11. HP: 38/80 MP: 0/0
 13173 | D:10     | Learned a level 4 spell: Anguish
 13204 | D:10     | Reached skill level 9 in Spellcasting
 13871 | D:10     | Found Ushuoro's Weapon Emporium.
 13876 | D:10     | Found Peoh's Jewellery Emporium.
 13877 | D:10     | Noticed a two-headed ogre
 13936 | D:10     | Killed a two-headed ogre
 14012 | D:10     | Found Eshrus's General Store.
 14159 | D:10     | Found Esiyppay's Antique Weapon Emporium.
 14221 | D:10     | Found a staircase to the Orcish Mines.
 14555 | D:10     | Noticed a skeletal warrior
 15082 | D:10     | Noticed a necromancer
 15090 | D:10     | Killed a necromancer
 15125 | D:10     | Killed a skeletal warrior
 15126 | D:10     | Reached skill level 10 in Spellcasting
 15412 | D:10     | Reached XP level 12. HP: 76/88 MP: 0/0
 16693 | Lair:1   | Entered Level 1 of the Lair of Beasts
 16697 | Lair:1   | Found a dark tunnel.
 16723 | Volcano  | Entered a volcano
 16755 | Volcano  | Noticed a centaur warrior
 16787 | Volcano  | Noticed a hell knight
 16790 | Volcano  | HP: 4/90 [centaur/arrow (10)]
 16793 | Volcano  | Shot with an arrow by a centaur warrior

Illustrated notes

Levels and vault maps discovered:
D:1:      nicolae_arrival_memento_mori, layout_loops_ring, serial_shops,
          nicolae_shop_waterfront, nicolae_shop_waterfront,
          nicolae_shop_hallway_plus, nicolae_shop_behind_doors,
          minmay_misc_feat_alley, hangedman_decor_clover_reticule,
          hangedman_decor_diamond_cutter
D:2:      layout_basic, basic_altar, hangedman_decor_points, uniq_terence
D:3:      minmay_goblin_kobold_castle, layout_loops_ring,
          lemuel_coloured_pillars_altar, lemuel_crystal_altar,
          mainiacjoe_overflow_cross_hatched, lemuel_doored_altar,
          ebering_ghost_rock_garden, ebering_ecumenical_altar_sacrificial,
          minmay_hedge_maze
D:4:      layout_cave_pools, tgw_trog, serial_shops, nicolae_diamond_shop,
          uniq_duvessa, uniq_ijyb
D:5:      layout_basic, mainiacjoe_overflow_boulevard,
          cheibrodos_sewer_entry_sluice, corner_web_ring, minmay_misc_feat_x,
          st_stairs_9
D:6:      nicolae_cairo_tiling_large, layout_rooms, grunt_ashenzari_visionary
          [grunt_ashenzari_visionary_shoals, grunt_ashenzari_visionary_snake],
          eat_drink_and_be_merry_uskayaw, mainiacjoe_overflow_24_doors,
          minmay_temple_entry_antechambers
D:7:      layout_basic, minmay_gold_behind_fungi
D:8:      layout_rooms, nicolae_kikubaaqudgha_miasma_corner,
          mainiacjoe_overflow_surrounded_room
D:9:      layout_basic, dpeg_oklobed_lair
D:10:     hangedman_screamer, layout_rooms, hiddenorc2_lemuel,
          minmay_shop_grid_forest
D:11:     layout_grid_maze, minmay_misc_feat_ornament
Lair:1:   layout_hall_layers, nicolae_volcano_entry_lava_flow
Volcano:  kennysheep_volcano_temple

Skill      XL: |  1  2  3  4  5  6  7  8  9 10 11 12 |
---------------+-------------------------------------+-----
Fighting       | 1 2 3 4 5 6 7 8 9 |  9.4
Spellcasting   | 3 4 5 6 7 8 10 | 10.6
Dodging        | 3 5 6 8 |  8.9
Stealth        | 2 3 4 |  4.1
Short Blades   | 1 3 4 |  4.1

Action                   |  1- 3 |  4- 6 |  7- 9 | 10-12 || total
-------------------------+-------+-------+-------+-------++-------
Melee: Unarmed           |       |     7 |       |       ||     7
       Whip              |       |       |    59 |       ||    59
       Short sword       |       |       |     4 |       ||     4
       Punch             |       |       |     2 |     1 ||     3
       Dagger            |       |       |       |    39 ||    39
 Cast: Sandblast         |    36 |   100 |    10 |     6 ||   152
       Magic Dart        |     5 |    31 |       |       ||    36
       Call Imp          |       |     5 |       |       ||     5
       Stone Arrow       |       |    11 |   138 |   188 ||   337
       Summon Guardian G |       |       |     7 |    19 ||    26
       Petrify           |       |       |       |    15 ||    15
       Anguish           |       |       |       |    29 ||    29
  Use: Scroll            |       |     4 |     5 |     5 ||    14
       Potion            |       |       |     1 |     5 ||     6
 Stab: Distracted        |       |       |     1 |       ||     1
       Petrified         |       |       |       |    23 ||    23
       Petrifying        |       |       |       |     3 ||     3
Armor: Robe              |     2 |     9 |    29 |    22 ||    62
       Skin              |       |       |     3 |       ||     3
Dodge: Dodged            |     8 |    41 |    84 |   100 ||   233

Table legend: (Time is in decaauts)
 A = Elapsed time spent in this place.
 B = Non-inter-level travel time spent in this place.
 C = Inter-level travel time spent in this place.
 D = Time resting spent in this place.
 E = Time spent auto-exploring this place.
 F = Levels seen in this place.
 G = Mean time per level.
                   A        B        C        D        E       F      G
               +--------+--------+--------+--------+--------+-----+--------+
         Total |  16795 |  16085 |    710 |   1357 |  12179 |  14 | 1199.6 |
       Dungeon |  15909 |  15199 |    710 |   1092 |  11773 |  11 | 1446.3 |
          Lair |     29 |     29 |      0 |      0 |      0 |   1 |   29.0 |
         Sewer |    786 |    786 |      0 |    244 |    383 |   1 |  786.0 |
       Volcano |     69 |     69 |      0 |     21 |     23 |   1 |   69.0 |
               +--------+--------+--------+--------+--------+-----+--------+

Top non-repeatable levels by time:
    D:10: 2889 daAuts
     D:3: 2670 daAuts
     D:9: 1730 daAuts
     D:5: 1564 daAuts
     D:1: 1372 daAuts
     D:7: 1361 daAuts
     D:4: 1255 daAuts
     D:6: 957 daAuts
     D:2: 924 daAuts
   Sewer: 786 daAuts
     D:8: 774 daAuts
    D:11: 408 daAuts
 Volcano: 69 daAuts
  Lair:1: 29 daAuts
